Map: Divergence LE

Players

GaBoliK

  • Race: Protoss Protoss
  • Spawn Location: 11:00

Sloubi

  • Race: Protoss Protoss
  • League: Diamond
  • Spawn Location: 11:00

qqq - Winner!

  • Race: Zerg Zerg
  • League: Platinum
  • Spawn Location: 5:00

Massa - Winner!

  • Race: Terran Terran
  • League: Platinum
  • Spawn Location: 5:00

VOD

Have the link to the VOD?

Description

Time

  • Played on: Sept. 5, 2020, 2:54 p.m.
  • Length: 4:59
Show
View Real Time Build Order
Export as new Build Order

GaBoliK Protoss 

Build Orders:  

Get SALT Encoding   

  12  0:01  Probe  
  13  0:13  Probe  
  14  0:24  Pylon  
  14  0:26  Probe  
  15  0:42  Probe  
  16  0:43  Gateway  
  16  0:45  Assimilator  
  16  0:54  Probe  
  17  1:06  Probe  
  18  1:24  Probe  
  19  1:31  Cybernetics Core  
  19  1:35  Gateway  
  19  1:37  Probe  
  20  1:47  Assimilator  
  20  1:50  Pylon  
  20  1:53  Probe  
  21  2:09  Probe  
  21  2:15  Warp Gate  
  24  2:23  Adept x2  
  26  2:31  Probe  
  26  2:33  Twilight Council  
  27  2:39  Gateway  
  27  2:45  Robotics Facility  
  27  2:54  Adept  
  27  2:55  Adept  
  31  3:06  Resonating Glaives (Chrono Boost)  
  31  3:28  Pylon  
  31  3:48  Nexus  
  27  4:01  Shield Battery  
  24  4:10  Adept x3  
Show
View Real Time Build Order
Export as new Build Order

Sloubi Protoss 

Build Orders: 1 Gate Expand 

Get SALT Encoding   

  12  0:00  Probe  
  13  0:12  Probe  
  14  0:23  Pylon  
  14  0:26  Probe  
  15  0:41  Probe  
  15  0:42  Gateway  
  16  0:47  Assimilator  
  16  0:53  Probe  
  17  1:05  Probe  
  18  1:24  Nexus  
  18  1:28  Probe  
  19  1:34  Cybernetics Core  
  19  1:40  Zealot  
  21  1:47  Gateway  
  21  1:54  Probe, Assimilator  
  22  2:06  Probe  
  23  2:10  Warp Gate  
  23  2:16  Pylon  
  23  2:31  Twilight Council  
  23  2:34  Probe  
  23  2:36  Adept (Chrono Boost)  
  28  2:37  Adept (Chrono Boost)  
  28  3:03  Adept  
  30  3:13  Pylon  
  30  3:17  Gateway  
  30  3:26  Pylon  
  30  3:29  Adept  
  31  3:38  Gateway  
  27  3:56  Shield Battery  
  27  3:57  Shield Battery  
  27  4:11  Zealot x2  
  31  4:20  Adept  
  29  4:33  Adept x2  
  29  4:36  Zealot  
  31  4:51  Zealot  
Show
View Real Time Build Order
Export as new Build Order

qqq Zerg - Winner!

Build Orders: Hatch First 

Get SALT Encoding   

  12  0:00  Drone  
  13  0:10  Drone  
  14  0:35  Hatchery  
  13  0:46  Drone  
  14  0:54  Spawning Pool  
  13  0:57  Drone  
  14  1:07  Extractor  
  14  1:08  Overlord  
  13  1:14  Drone  
  14  1:28  Drone x2  
  16  1:48  Drone  
  16  1:50  Zergling x2  
  16  1:52  Drone  
  16  1:53  Queen  
  21  1:55  Zergling x2  
  22  2:04  Zergling x2  
  23  2:11  Metabolic Boost  
  23  2:14  Overlord  
  23  2:18  Zergling x2  
  23  2:22  Drone  
  25  2:25  Drone  
  26  2:39  Zergling x4  
  28  2:45  Drone, Zergling x2  
  28  2:46  Zergling x2  
  31  2:56  Zergling x2  
  31  2:58  Zergling x2  
  32  3:10  Zergling x2  
  32  3:11  Zergling x2  
  34  3:15  Zergling x2  
  35  3:21  Zergling x2  
  35  3:22  Overlord  
  35  3:25  Overlord  
  36  3:28  Overlord  
  34  3:53  Zergling x8  
  34  3:54  Zergling x8  
  42  4:15  Zergling x2  
  42  4:16  Zergling x6  
  39  4:31  Zergling x2  
  39  4:32  Zergling x2  
  40  4:44  Hatchery  
Show
View Real Time Build Order
Export as new Build Order

Massa Terran - Winner!

Build Orders:  

Get SALT Encoding   

  12  0:00  SCV  
  13  0:12  SCV  
  14  0:24  SCV, Supply Depot  
  15  0:31  Refinery  
  15  0:46  SCV  
  15  0:48  Barracks  
  16  0:58  SCV  
  16  1:02  Supply Depot  
  17  1:10  SCV  
  18  1:20  Refinery  
  18  1:22  SCV  
  19  1:38  SCV  
  20  1:50  Orbital Command, Factory  
  20  1:59  Reaper  
  20  2:01  Barracks  
  21  2:18  SCV  
  22  2:30  SCV  
  22  2:31  Reaper  
  24  2:46  Factory Tech Lab  
  24  2:48  Barracks Reactor  
  24  2:53  Command Center  
  23  3:18  Barracks Tech Lab  
  23  3:19  Siege Tank  
  26  3:27  Marine x2  
  26  3:33  Supply Depot  
  28  3:43  Marauder  
  28  3:45  Marine  
  31  3:53  Supply Depot  
  31  3:55  Marine, Siege Tank  
  35  4:03  Marine  
  35  4:05  Marauder  
  38  4:13  Marine  
  39  4:18  Supply Depot  
  39  4:21  Marine  
  40  4:26  Marauder  
  40  4:30  Marine  
Tags
 
Add a new tag
Caveats
  • Supply blocks, unpowered buildings, or Contaminate may cause inaccurate times.
  • Supply counts are checked every 10 seconds.